 Dungeon Crawl Stone Soup version 0.29.1-2-gbd0b4ee654 (webtiles) character file.

Game seed: 14816883264064067076

844 Wadler the Insei (level 8, 0/56 HPs)
             Began as a Merfolk Transmuter on Nov 15, 2022.
             Was a Plaything of Xom.
             Slain by a phantom (3 damage)
             ... on level 5 of the Dungeon on Nov 17, 2022.
             The game lasted 00:52:44 (6395 turns).

Wadler the Insei (Merfolk Transmuter)               Turns: 6395, Time: 00:52:44

Health: 0/56       AC:  7    Str: 11    XL:     8   Next: 0%
Magic:  9/12       EV: 14    Int: 15    God:    Xom [.....*]
Gold:   262        SH:  0    Dex: 13    Spells: 7/13 levels left

rFire   . . .      SeeInvis .     - Unarmed
rCold   . . .      Faith    .   (no shield)
rNeg    + . .      Spirit   .   a - +0 robe
rPois   .          Reflect  .   h - +2 hat
rElec   +          Harm     .   (no cloak)
rCorr   .          Rampage  .   j - +0 pair of gloves
Will    .....                   (no boots)
Stlth   ++........              (no amulet)
HPRegen 0.18/turn               x - ring "Soudiash" {Fly rElec rN+ Int-4}
MPRegen 0.13/turn               T - +6 ring of strength

@: wereblooded, flying
A: (nimble swimmer 2), mertail, iridescent scales 1, clever 1, sense
surroundings 1, weak 2, wild magic 1
a: Renounce Religion


You were on level 5 of the Dungeon.
You worshipped Xom.
You were Xom's teddy bear.
You visited 2 branches of the dungeon, and saw 6 of its levels.

You collected 262 gold pieces.

Inventory:

Hand Weapons
 m - a +0 trident
 q - a +1 dagger of electrocution
 w - a +0 trident of venom
 Q - a +0 dagger
 V - a +0 dagger
 Z - a +0 rapier
Missiles
 e - 50 stones
Armour
 a - a +0 robe (worn)
 g - a +0 ring mail
 h - a +2 hat (worn)
 i - a +0 ring mail
 j - a +0 pair of gloves (worn)
 l - a +0 scale mail
 n - a +0 pair of gloves
 p - a +0 helmet
 r - a +0 robe
 v - a +0 robe
 z - a +0 ring mail
 A - a +0 robe
 G - a +0 robe
 I - a +0 chain mail
 L - a +0 leather armour
 M - a +0 scale mail
 O - a +0 scale mail
 U - a +0 ring mail
Jewellery
 o - an amulet of the acrobat
 x - the ring "Soudiash" (left hand) {Fly rElec rN+ Int-4}
   (You found it on level 2 of the Dungeon)

   [ring of flight]

   Int:       It affects your intelligence (-4).
   rElec:     It insulates you from electricity.
   rN:        It protects you from negative energy.
   Fly:       It grants you flight.
 C - a ring of willpower
 T - a +6 ring of strength (right hand)
Wands
 u - a wand of digging (9)
Scrolls
 c - 3 scrolls of vulnerability
 f - 4 scrolls of identify {unknown}
 s - 2 scrolls of immolation
 y - 3 scrolls of enchant weapon {unknown}
 B - 2 scrolls of noise {unknown}
 R - 5 scrolls of teleportation {unknown}
 S - 2 scrolls of poison {unknown}
 W - a scroll of brand weapon {unknown}
 Y - a scroll of acquirement {unknown}
Potions
 b - a potion of lignification
 d - 3 potions of magic {unknown}
 k - 2 potions of heal wounds {unknown}
 t - 3 potions of curing
 D - a potion of resistance {unknown}
 E - 2 potions of haste {unknown}
 H - a potion of attraction {unknown}
 X - a potion of invisibility {unknown}
Miscellaneous
 F - a phantom mirror (inert)


   Skills:
 + Level 2.1 Fighting
 + Level 5.2 Dodging
 + Level 3.7 Stealth
 + Level 6.8 Unarmed Combat
 + Level 3.1 Spellcasting
 + Level 4.1 Transmutations
 + Level 1.8 Poison Magic


You had 7 spell levels left.
You knew the following spells:

 Your Spells              Type           Power      Damage    Failure   Level
a - Beastly Appendage     Tmut           38%        N/A       6%          1
b - Wereblood             Tmut           19%        N/A       9%          2
c - Spider Form           Tmut/Pois      14%        N/A       24%         3

Your spell library contained the following spells:

 Spells                   Type           Power      Damage    Failure   Level
 Apportation              Tloc           6%         N/A       28%         1
 Necrotise                Necr           12%        1d4       28%         1
 Summon Small Mammal      Summ           12%        N/A       28%         1
 Scorch                   Fire           6%         2d5       38%         2
 Ice Form                 Ice/Tmut       11%        N/A       71%         4
 Alistair's Intoxication  Tmut/Pois      9%         N/A       89%         5
 Flame Wave               Conj/Fire      3%         2d5       93%         4
 Summon Cactus Giant      Summ           1%         N/A       100%        6


Dungeon Overview and Level Annotations

Branches:
Dungeon (5/15)             Temple (1/1) D:4

Altars:
Cheibriados
Fedhas
Kikubaaqudgha
Makhleb
Nemelex Xobeh
Qazlal
Sif Muna
Trog
Vehumet
Wu Jian
Xom
Yredelemnul
Zin
The Shining One

Annotations:
D:5 Pikel


Innate Abilities, Weirdness & Mutations

((You are very nimble when in or above water. (Stealth+, EV+, Speed+++)))
Your lower body shifts to a powerful aquatic tail in water.
You are partially covered in iridescent scales. (AC +2)
Your mind is acute. (Int +4, Str/Dex -1)
You passively map a small area around you.
You are very weak. (Str -4)
Your spells are a little harder to cast, but a little more powerful.


Message History

The lemure dies!
The lemure attacks as you move away! The lemure completely misses you.
Pikel zaps a wand.
Your mind is blasted!
* * * LOW HITPOINT WARNING * * *
Pikel hits the lemure with a +1 whip of flaming.
Pikel burns the lemure.
The lemure barely misses Pikel.
The area is suffused with divine lightning!
The blast of lightning engulfs the lemure!
Pikel shimmers and vanishes!
You hit the lemure but do no damage.
The lemure is almost dead.
The lemure attacks as you move away! The lemure misses you.
You kill the lemure!
That felt strangely unrewarding.
You barely miss the lemure.
The lemure is lightly wounded.
Your transformation has ended.
Your +2 hat unmelds from your body.
Your +0 pair of gloves unmelds from your body.
Your +0 robe unmelds from your body.
The lemure hits you but does no damage. The lemure attacks as you move away!
The lemure barely misses you. The phantom attacks as you move away!
The phantom hits you.
* * * LOW HITPOINT WARNING * * *
As you read the scroll of immolation, it crumbles to dust.
The creatures around you are filled with an inner flame!
Flame seeps out of Pikel.
The phantom hits you but does no damage.
The lemure barely misses you.
Pikel is engulfed in blazing flames.
Flame seeps out of Pikel.
The lemure attacks as you move away! The lemure barely misses you.
The lemure attacks as you move away! The lemure hits you but does no damage.
The phantom hits you.
* * * LOW HITPOINT WARNING * * *
Cast which spell? (? or * to list)
You don't know that spell.
Cast which spell? (? or * to list)
Your blood is infused with primal strength.
The phantom hits you.
You die...
Xom laughs nastily!

######..............
#...#...............
#...#...............
#...#......#########
###'##.....##.......
#...##.....##.......
#..........#........
#...W5.....#........
#..@5K....†##......)
#...##.....##.....).
#...##.............)
#...................
#...######'##._..._.
#...##...<.#........
######.....#._..⌠...
* ..##.....#........
..<............._.


You could see Pikel (inner flame, poisoned), 2 lemures and a phantom (inner
flame).

Vanquished Creatures
  A smoke demon (D:5)
  An ice beast (D:5)
  2 black bears (D:5)
  A lemure (D:5)
  2 scorpions
  A howler monkey (D:4)
  2 hounds
  A gnoll bouda (D:5)
  Jessica (D:2)
  An iguana (D:4)
  2 orc wizards (D:5)
  5 gnolls (D:5)
  7 adders
  An ufetubus (D:4)
  3 worms
  4 dart slugs
  9 orcs
  6 bats
  5 endoplasms
  3 giant cockroaches
  4 goblins
  4 hobgoblins
  6 kobolds
  2 quokkas
  12 ball pythons
  10 frilled lizards
  9 rats
105 creatures vanquished.

Vanquished Creatures (collateral kills)
  A lemure (D:5)
1 creature vanquished.

Grand Total: 106 creatures vanquished

Notes
Turn   | Place    | Note
-------+----------+-------------------------------------------
     0 | D:1      | Wadler the Merfolk Transmuter began the quest for the Orb.
     0 | D:1      | Reached XP level 1. HP: 15/15 MP: 3/3
     2 | D:1      | Noticed a draconian
     2 | D:1      | Noticed an ogre
     4 | D:1      | Noticed a meteoran
     6 | D:1      | Noticed a vine stalker
     6 | D:1      | Noticed a human
     8 | D:1      | Noticed an octopode
     8 | D:1      | Noticed a felid
    10 | D:1      | Noticed a tengu
    10 | D:1      | Noticed a vampire
    12 | D:1      | Noticed a demonspawn
    12 | D:1      | Noticed a minotaur
    14 | D:1      | Noticed a demigod
    14 | D:1      | Noticed a troll
    17 | D:1      | Noticed an elf
    17 | D:1      | Noticed a spriggan
    19 | D:1      | Noticed a formicid
    19 | D:1      | Noticed a palentonga
    21 | D:1      | Noticed a ghoul
    23 | D:1      | Noticed a gargoyle
    23 | D:1      | Noticed a merfolk
    25 | D:1      | Noticed a draconian
    25 | D:1      | Noticed a naga
    27 | D:1      | Noticed a minotaur
    27 | D:1      | Noticed a demigod
    94 | D:1      | Reached XP level 2. HP: 13/21 MP: 5/5
   436 | D:1      | Learned a level 2 spell: Wereblood
  1106 | D:1      | Reached skill level 4 in Unarmed Combat
  1122 | D:1      | Reached XP level 3. HP: 25/26 MP: 3/6
  1193 | D:1      | Learned a level 3 spell: Spider Form
  1603 | D:2      | Found a faded altar of an unknown god.
  1618 | D:2      | Noticed Jessica
  1627 | D:2      | Killed Jessica
  1628 | D:2      | Reached XP level 4. HP: 28/32 MP: 3/7
  1668 | D:2      | Found a burning altar of Makhleb.
  1683 | D:2      | Identified the ring "Soudiash" {Fly rElec rN+ Int-4}
  1688 | D:2      | Became a worshipper of Makhleb the Destroyer
  2956 | D:3      | Reached skill level 1 in Stealth
  2982 | D:3      | Reached XP level 5. HP: 37/37 MP: 5/8
  3069 | D:3      | Gained mutation: You are weak. (Str -2) [potion of
                  | mutation]
  3069 | D:3      | Gained mutation: You are very weak. (Str -4) [potion of
                  | mutation]
  3595 | D:3      | Reached skill level 1 in Poison Magic
  3615 | D:3      | Reached * piety under Makhleb
  4215 | D:4      | Reached skill level 5 in Unarmed Combat
  4578 | D:4      | Found an ancient bone altar of Kikubaaqudgha.
  4578 | D:4      | Found a bloodstained altar of Trog.
  4999 | D:4      | Reached XP level 6. HP: 38/43 MP: 5/10
  5409 | D:4      | Found a staircase to the Ecumenical Temple.
  5561 | Temple   | Entered the Ecumenical Temple
  5602 | Temple   | Fell from the grace of Makhleb
  5602 | Temple   | Became a worshipper of Xom the Less-Predictable
  5685 | D:5      | Entered Level 5 of the Dungeon
  5807 | D:5      | Reached skill level 6 in Unarmed Combat
  5864 | D:5      | Noticed a black bear
  5866 | D:5      | XOM: potion effect (might)
  5869 | D:5      | XOM: potion effect (invisibility)
  5870 | D:5      | XOM: potion effect (heal wounds)
  5878 | D:5      | Killed a black bear
  5879 | D:5      | Reached XP level 7. HP: 38/50 MP: 6/11
  5882 | D:5      | Reached skill level 5 in Dodging
  5918 | D:5      | Noticed a smoke demon
  5919 | D:5      | XOM: scenery: 1 doors open, 1 doors close
  5923 | D:5      | XOM: cleaving
  5925 | D:5      | Killed a smoke demon
  5981 | D:5      | XOM: butterfly on damage
  5985 | D:5      | XOM: 3-stop teleportation journey
  5995 | D:5      | XOM: scenery: 1 doors open
  6068 | D:5      | XOM: scenery: 1 doors close
  6093 | D:5      | XOM: potion effect (haste)
  6094 | D:5      | XOM: give mutations
  6094 | D:5      | Gained mutation: Your spells are a little harder to cast,
                  | but a little more powerful. [Xom's grace]
  6094 | D:5      | Gained mutation: Your mind is acute. (Int +4, Str/Dex -1)
                  | [Xom's grace]
  6094 | D:5      | Gained mutation: You are partially covered in iridescent
                  | scales. (AC +2) [Xom's grace]
  6094 | D:5      | Gained mutation: You passively map a small area around you.
                  | [Xom's grace]
  6097 | D:5      | XOM: confuse monster(s)
  6143 | D:5      | Found a snail-covered altar of Cheibriados.
  6145 | D:5      | Found a burning altar of Makhleb.
  6147 | D:5      | Found a sparkling altar of Nemelex Xobeh.
  6151 | D:5      | Found a glowing silver altar of Zin.
  6175 | D:5      | Found a shimmering blue altar of Sif Muna.
  6222 | D:5      | XOM: god gift: phantom mirror
  6226 | D:5      | Reached XP level 8. HP: 31/56 MP: 12/12
  6369 | D:5      | Noticed Pikel
  6385 | D:5      | XOM: divine lightning
  6395 | D:5      | Slain by a phantom

Illustrated notes

Levels and vault maps discovered:
D:1:      kb_arrival_jail, layout_basic, minmay_hedge_maze,
          minmay_misc_feat_roman
D:2:      layout_basic, basic_altar, hellmonk_ecumenical_altar_blasted,
          serial_curves, eino_curves_04, eino_curves_02, hangedman_decor_points,
          corner_web_ring, kennysheep_generic_room_3, uniq_jessica
D:3:      layout_loops_ring
D:4:      layout_basic, chequers_temple_overflow_statue_of_worship,
          minmay_temple_entry_hall
D:5:      layout_gridville, grunt_temple_overflow_open, uniq_pikel
Temple:   bh_familiar_temple

Skill      XL: |  1  2  3  4  5  6  7 |
---------------+----------------------+-----
Dodging        | 3 4 5 |  5.2
Unarmed Combat | 4 5 6 |  6.8
Transmutations | 3 4 |  4.1
Stealth        | 1 3 |  3.7
Poison Magic   | 1 |  1.8
Fighting       | 2 |  2.1
Spellcasting   | 3 |  3.1

Action                   |  1- 3 |  4- 6 |  7- 9 || total
-------------------------+-------+-------+-------++-------
Melee: Unarmed           |    85 |   262 |    77 ||   424
       Punch             |     3 |    10 |     1 ||    14
       Headbutt          |     4 |     4 |     1 ||     9
 Cast: Beastly Appendage |     5 |     3 |     1 ||     9
       Wereblood         |     7 |     4 |     1 ||    12
       Spider Form       |     2 |     7 |     5 ||    14
Evoke: Phantom mirror    |       |       |     1 ||     1
  Use: Scroll            |     1 |       |     1 ||     2
       Potion            |       |     3 |     2 ||     5
 Stab: Sleeping          |     1 |     4 |       ||     5
       Invisible         |       |     2 |     5 ||     7
       Confused          |       |       |     3 ||     3
Armor: Robe              |    25 |    44 |    19 ||    88
       Skin              |     1 |     3 |     4 ||     8
Dodge: Dodged            |    70 |   202 |    56 ||   328
